[Event "Early-Titled-Tuesday-Blitz-March-12-2024"]
[Site "Chess.com"]
[Date "2024.03.12"]
[Round "4"]
[White "VladimirKramnik"]
[Black "vovachesss"]
[Result "1-0"]
[WhiteElo "3003"]
[BlackElo "2799"]
[TimeControl "180+1"]
[EndTime "8:39:59 PDT"]
[Termination "VladimirKramnik won on time"]

1. e4 c6 2. d4 d5 3. Nd2 dxe4 4. Nxe4 Nf6 5. Nxf6+ exf6 6. c3 Bd6 7. Bd3 O-O 8.
Ne2 Re8 9. O-O Nd7 10. Ng3 Nf8 11.
a4 a5 12. f4 c5 13. d5 Qc7 14.
c4 Bd7 15. Bd2 Re7 16. Ne4 Ng6 17. Qh5 b6 18. Bc3 Rae8 19. Nxd6 Qxd6 20. Bd2 f5 21. g3 Qf6 22. Bc3 Qd6 23. Rae1 Rxe1 24. Rxe1 Rxe1+ 25. Bxe1 Bxa4 26. Qxf5 Bd7 27. Qe4 Nf8 28.
Bc3 a4 29. Qe5 Qh6 30. Qe7 Qh3 31. Be5 h6 32. Qd8 Bf5 33. Bf1 Qg4 34. Bd6 Qf3 35.
Qxf8+ Kh7 36. Be5 Qe3+ 37. Kg2 Qe4+ 38. Kf2 Qc2+ 39. Be2 1-0

[Event "Early-Titled-Tuesday-Blitz-March-12-2024"]
[Site "Chess.com"]
[Date "2024.03.12"]
[Round "4"]
[White "kpio91"]
[Black "GothamChess"]
[Result "0-1"]
[WhiteElo "2857"]
[BlackElo "2681"]
[TimeControl "180+1"]
[EndTime "8:40:05 PDT"]
[Termination "GothamChess won on time"]

1. c4 e6 2. Nf3 d5 3. e3 a6 4. b3 Nf6 5. Bb2 g6 6. Nc3 Bg7 7. Be2 b6 8. O-O Bb7 9. Rc1 O-O 10. d4 Nbd7 11. Qc2 dxc4 12. bxc4 c5 13. Rfd1 Qc7 14.
a4 cxd4 15. exd4 Ng4 16. h3 Ngf6 17. d5 exd5 18. cxd5 Rac8 19. Ba3 Rfe8 20. Qb1 Qf4 21. Bf1 h5 22. Bb2 Qb4 23. Rd4 Qd6 24. Qa1 Nc5 25. Qa2 Nfe4 26. Nxe4 Nxe4 27. Rxc8 Bxc8 28. Rd3 Qc5 29.
Bxg7 Kxg7 30. Qb2+ Kg8 31. Rd4 Nd6 32. Qd2 b5 33.
axb5 axb5 34. Qf4 Nf5 35. Rd3 b4 36. d6 Bd7 37. Ne5 Qxe5 38. Qxb4 Re6 39. Qb7 Rxd6 40. Ra3 Kg7 41. Qa7 Rd1 42. Rd3 Rxd3 43. Bxd3 Qe1+ 44.
Kh2 Qe5+ 45. Kg1 Be6 46. Qa2 Bxa2 0-1

[Event "Early-Titled-Tuesday-Blitz-March-12-2024"]
[Site "Chess.com"]
[Date "2024.03.12"]
[Round "4"]
[White "IMRosen"]
[Black "Rosh1610"]
[Result "1-0"]
[WhiteElo "2713"]
[BlackElo "2466"]
[TimeControl "180+1"]
[EndTime "8:40:05 PDT"]
[Termination "IMRosen won by resignation"]

1. e4 c5 2. Nc3 Nc6 3. Bb5 Nd4 4. Nf3 g6 5. Bc4 Bg7 6. Nxd4 cxd4 7. Qf3 e6 8. Nb5 d6 9. Qa3 Bf8 10. Nxd4 Nf6 11.
Qe3 Bg7 12. Bb5+ Bd7 13. Bxd7+ Qxd7 14. c3 O-O 15. O-O Rac8 16. h3 Rfd8 17. d3 a6 18. Qe2 e5 19. Nc2 d5 20. Bg5 h6 21. Bxf6 Bxf6 22.
Rad1 d4 23. cxd4 exd4 24. Nb4 Re8 25. Qd2 Bd8 26. Nd5 Kg7 27. f4 f5 28. Qf2 Bf6 29. Rfe1 Qc6 30. Kh2 b5 31. Re2 fxe4 32. dxe4 Rxe4 33.
Rxe4 Qxd5 34. Qe2 Rd8 35. b3 d3 36. Qe3 d2 37. Re6 Qd7 38. Rxa6 b4 39. Ra7 Qxa7 40.
Qxa7+ Kg8 41. Qb6 Rd7 42. Qxf6 Rd3 43. Qxg6+ Kf8 44. Qxd3 Ke7 45. Qa6 1-0

[Event "Early-Titled-Tuesday-Blitz-March-12-2024"]
[Site "Chess.com"]
[Date "2024.03.12"]
[Round "4"]
[White "AccioChess"]
[Black "NMJeevanK"]
[Result "0-1"]
[WhiteElo "2420"]
[BlackElo "2591"]
[TimeControl "180+1"]
[EndTime "8:40:05 PDT"]
[Termination "NMJeevanK won by resignation"]

1. Nf3 d6 2. g3 g6 3. Bg2 Bg7 4. O-O Nf6 5. d4 O-O 6. b3 Nbd7 7. Bb2 c5 8. d5 b5 9. a4 Bb7 10. axb5 Bxd5 11. c4 Bb7 12. Nc3 Ne4 13. Qc2 Ndf6 14. Ne1 d5 15. cxd5 Nxc3 16. Bxc3 Qb6 17. e4 Qxb5 18. Nd3 Rfc8 19. Nb2 Qd7 20. Nc4 h5 21. Rfd1 h4 22. Ne3 h3 23. Bh1 e6 24. dxe6 Qxe6 25. Nd5 Bxd5 26. exd5 Qd6 27. Qd3 Rab8 28. Bd2 Ng4 29. Bf4 Qb6 30. Bxb8 Bxa1 31. Rxa1 Rxb8 32. Qe2 Nf6 33. Qe7 Qxb3 34. Rf1 Nxd5 35.
Qxa7 Nc3 36. Bf3 Rc8 37. Qd7 Rb8 38. Qxh3 Nb5 39. Qg2 Nd4 40. Bd5 Qd3 41. h4 Rd8 42. Be4 Qd2 43. Kh2 c4 44. f4 Qe3 45. Rf2 c3 46. Bc2 Nxc2 47. Rxc2 Rd2 48. Rxd2 cxd2 49. Qa8+ Kh7 50. Kh3 d1=Q 0-1

[Event "Early-Titled-Tuesday-Blitz-March-12-2024"]
[Site "Chess.com"]
[Date "2024.03.12"]
[Round "4"]
[White "AlexandraSamaganova"]
[Black "Baronessa08"]
[Result "0-1"]
[WhiteElo "2380"]
[BlackElo "2553"]
[TimeControl "180+1"]
[EndTime "8:40:05 PDT"]
[Termination "Baronessa08 won on time"]

1. c4 e6 2. Nc3 d5 3. e3 Nf6 4.
Nf3 b6 5. d4 Bb7 6. cxd5 exd5 7. Bd3 Bd6 8. Qc2 a6 9. O-O Nbd7 10. Re1 O-O 11. e4 dxe4 12. Nxe4 Nxe4 13. Bxe4 Bxe4 14.
Rxe4 Qf6 15. Bg5 Qg6 16. Rc1 Rae8 17. Rxe8 Rxe8 18. Qa4 b5 19. Qb3 h6 20. Be3 Nb6 21.
Nd2 Qh5 22. h3 Qe2 23. d5 Na4 24. Qc2 Re5 25. b3 Nb6 26. Bxb6 cxb6 27. Qc8+ Kh7 28. Nf3 Rxd5 29. Re1 Qxa2 30. Qc6 Qxb3 31. Qe8 Rd1 32.
Qe4+ g6 33. g3 Rxe1+ 34. Nxe1 a5 35. h4 Qe6 36. Qb1 a4 37. h5 a3 38. hxg6+ Qxg6 39. Qa2 Qe6 40. Nf3 Qxa2 0-1

[Event "Early-Titled-Tuesday-Blitz-March-12-2024"]
[Site "Chess.com"]
[Date "2024.03.12"]
[Round "4"]
[White "masnyszachistaaa"]
[Black "kassablanca"]
[Result "0-1"]
[WhiteElo "2564"]
[BlackElo "2779"]
[TimeControl "180+1"]
[EndTime "8:40:06 PDT"]
[Termination "kassablanca won by resignation"]

1. Nf3 d5 2. d4 e6 3. c4 a6 4. c5 b6 5. cxb6 cxb6 6. Nc3 Nf6 7. Bf4 Be7 8. e3 O-O 9. Bd3 Bb7 10. O-O Nbd7 11. Rc1 Nh5 12. Be5 Nhf6 13. Qe2 Nxe5 14. Nxe5 Nd7 15. Nf3 Nf6 16. Na4 Qd6 17. Ne5 Rfc8 18. Rxc8+ Bxc8 19. Rc1 Bb7 20. h3 g6 21. b3 Bd8 22. Rc3 Nd7 23. Nxd7 Qxd7 24. Qc2 Rc8 25. Rxc8 Qxc8 26. Qxc8 Bxc8 27. Kf1 Kf8 28. Ke2 Ke7 29. Nc3 Kd6 30. Kd2 f6 31. Ne2 e5 32. f4 b5 33. fxe5+ fxe5 34. dxe5+ Kxe5 35. Nd4 Ba5+ 36. Ke2 Bb6 37. Nf3+ Kf6 38. Nd4 Bd7 39. Kf3 Ke5 40. Ne2 Bc5 41. Nf4 Bc6 42. Ke2 d4 43. exd4+ Bxd4 44. g3 Bc5 45. h4 Be7 46. Nh3 Kd4 47.
Kd2 Bd6 48. g4 Bd7 49. Nf2 Bg3 50. Ne4 Bxh4 51. g5 Bf5 52. Nf6 Bxg5+ 53. Kd1 Bxf6 0-1

[Event "Early-Titled-Tuesday-Blitz-March-12-2024"]
[Site "Chess.com"]
[Date "2024.03.12"]
[Round "4"]
[White "Polish_fighter3000"]
[Black "yosephtaher"]
[Result "0-1"]
[WhiteElo "3115"]
[BlackElo "2934"]
[TimeControl "180+1"]
[EndTime "8:40:08 PDT"]
[Termination "yosephtaher won by checkmate"]

1. e4 c5 2. Nf3 g6 3. c3 Nf6 4. e5 Nd5 5. d4 cxd4 6. Bc4 Nb6 7. Bb3 Bg7 8. cxd4 O-O 9. O-O d6 10. exd6 Qxd6 11. Nc3 Nc6 12. d5 Ne5 13. h3 Qb4 14. Re1 Nec4 15. a3 Qc5 16. Ne4 Qc7 17. Bg5 Nxb2 18. Qe2 h6 19. Rac1 Qd8 20. Bh4 Nxd5 21. Red1 Nxd1 22. Rxd1 Nf4 23. Qe3 Qc7 24. Nd4 e5 25.
Nf6+ Kh8 26. Nb5 Qb6 27. Qxe5 g5 28. Rd6 Qa5 29. Bg3 Ng6 30. Qe4 Qxb5 31. Bxf7 Bf5 32.
Qd5 Qxd5 33. Nxd5 Rxf7 34. Ne3 Be4 35. Rd2 Nf4 36. Kh2 Raf8 37. Nc4 Bc6 38. a4 Nh5 39. Ne5 Nxg3 40. Nxf7+ Rxf7 41. fxg3 Be5 42. a5 a6 43. Rc2 Bc7 44. Re2 Kg7 45. Re1 Rf2 46. Rg1 Rxg2+ 47.
Rxg2 Bxg2 48. Kxg2 Bxa5 49. g4 Bc7 50. Kf3 a5 51. Ke4 a4 52. Kd3 a3 53. Kc2 b5 54.
Kb3 b4 55. Ka2 Kf6 56. Kb3 Bd6 57. Ka2 Ke5 58. Kb3 Kd4 59. h4 gxh4 60. Ka4 h3 61. Kb5 a2 62. Kc6 a1=Q 63. Kd7 Kd5 64. g5 Qa7+ 65. Kd8 Ke6 66. gxh6 Qa8# 0-1

[Event "Early-Titled-Tuesday-Blitz-March-12-2024"]
[Site "Chess.com"]
[Date "2024.03.12"]
[Round "4"]
[White "chito89"]
[Black "nekotyanof"]
[Result "1-0"]
[WhiteElo "2842"]
[BlackElo "2645"]
[TimeControl "180+1"]
[EndTime "8:40:08 PDT"]
[Termination "chito89 won by resignation"]

1. c4 Nf6 2. Nc3 c5 3. Nf3 Nc6 4. e3 g6 5. d4 cxd4 6. exd4 d5 7. cxd5 Nxd5 8. Qb3 Nxc3 9. Bc4 e6 10. bxc3 Na5 11.
Bb5+ Bd7 12. Qa4 Nc6 13. d5 exd5 14. O-O Be7 15. Bh6 f6 16. Rfe1 Kf7 17. Qf4 Re8 18. Rad1 a6 19. Bc4 Kg8 20. Bxd5+ Kh8 21. Bxc6 bxc6 22.
Ne5 fxe5 23. Qf7 Rg8 24. Rxe5 Be6 25. Bg7+ Rxg7 26. Rxd8+ Rxd8 27. Qxe6 Bf6 28. Re2 Bxc3 29. g3 c5 30. Qxa6 Bd4 31. Qb5 Rf7 32. Kg2 Kg7 33.
a4 Ra8 34. a5 Raa7 35. a6 Rfc7 36. f4 Rf7 37. Qc4 Rfc7 38. Re8 Rf7 39. h4 Bf6 40.
Re6 Bd4 41. Kh3 Rf6 42. Rxf6 Kxf6 43. Qb5 Be3 44. Qb6+ Kf5 45. Qxa7 Ke4 1-0

[Event "Early-Titled-Tuesday-Blitz-March-12-2024"]
[Site "Chess.com"]
[Date "2024.03.12"]
[Round "4"]
[White "Boorchess"]
[Black "bobo_panda"]
[Result "1-0"]
[WhiteElo "2528"]
[BlackElo "2289"]
[TimeControl "180+1"]
[EndTime "8:40:08 PDT"]
[Termination "Boorchess won by checkmate"]

1. d4 Nf6 2. c4 e6 3. g3 Bb4+ 4. Nd2 O-O 5. Bg2 c5 6. dxc5 Bxc5 7. Ngf3 Nc6 8. O-O d5 9. a3 a6 10. b4 Ba7 11. Bb2 Qe7 12. e3 Rd8 13. Qb3 Bd7 14.
Rfd1 Be8 15. Rac1 Rac8 16. cxd5 Nxd5 17. Ne4 f6 18. Nc3 Nxc3 19. Bxc3 Bf7 20. Qb2 e5 21. Nd2 Bd5 22. Bxd5+ Rxd5 23. Qb3 Qf7 24. Ne4 Rcd8 25. Rxd5 Qxd5 26. Qc2 Qd3 27. Qxd3 Rxd3 28. Kf1 Kf7 29. Ke2 Rd7 30. g4 Ke6 31. h4 Ne7 32. Bd2 Bb6 33. a4 Nd5 34. Rc8 Rd8 35. Rxd8 Bxd8 36. Nc5+ Kd6 37.
Nxb7+ Kd7 38. Nxd8 Kxd8 39. Kd3 Kd7 40. Kc4 Nb6+ 41.
Kb3 Kc6 42. f3 Kd5 43. Bc3 Nc8 44. e4+ Kc6 45. Bd2 Nb6 46. Be3 Nc8 47. Bc5 Kb7 48. Kc4 Kc6 49. b5+ axb5+ 50. axb5+ Kd7 51. Kd5 g6 52. h5 f5 53. hxg6 hxg6 54. gxf5 gxf5 55. exf5 Kc7 56.
Kxe5 Kb7 57. f6 Kc7 58. f7 Nb6 59. Bxb6+ Kxb6 60. f8=Q Kxb5 61. Qc8 Kb4 62. Kd4 Kb3 63. Qc3+ Ka4 64. Qb2 Ka5 65. Kc5 Ka4 66. Qb4# 1-0

[Event "Early-Titled-Tuesday-Blitz-March-12-2024"]
[Site "Chess.com"]
[Date "2024.03.12"]
[Round "4"]
[White "josephymwale33"]
[Black "tarno17"]
[Result "1-0"]
[WhiteElo "2513"]
[BlackElo "2202"]
[TimeControl "180+1"]
[EndTime "8:40:08 PDT"]
[Termination "josephymwale33 won by resignation"]

1. e4 c5 2. Nf3 e6 3. c4 a6 4. Nc3 Qc7 5. d4 cxd4 6. Nxd4 Bb4 7. Be3 Nf6 8. Qc2 Nc6 9. Be2 O-O 10. O-O Ne5 11. b3 Bd6 12. g3 Neg4 13. Bg5 h6 14. Bxf6 Nxf6 15. Rad1 Be5 16. Rd2 b6 17. Rfd1 Bb7 18.
f4 Bxf4 19. gxf4 Qxf4 20. Bf3 Rac8 21. Rf2 d5 22. exd5 exd5 23. Nde2 Qg5+ 24. Rg2 Qe3+ 25. Rf2 dxc4 26. Bxb7 cxb3 27. axb3 Rc5 28. Bg2 Rg5 29. Rd3 Qe5 30. Rg3 Rxg3 31. hxg3 Qg5 32.
Qc1 Qg6 33. Nf4 Qg5 34. Nd3 Qg6 35. Ne5 Qg5 36. Qxg5 hxg5 37. Nc6 Rc8 38. Ne7+ Kf8 39. Nxc8 Nd7 40. Nd5 f6 41. Ncxb6 Ne5 42. Nc4 Ng4 43.
Re2 a5 44. Nc7 a4 45. Ne6+ Kf7 46. Nd8+ Kg6 47. bxa4 1-0

[Event "Early-Titled-Tuesday-Blitz-March-12-2024"]
[Site "Chess.com"]
[Date "2024.03.12"]
[Round "4"]
[White "scrambleyourbrain"]
[Black "LeRoidesChampions"]
[Result "0-1"]
[WhiteElo "2380"]
[BlackElo "2622"]
[TimeControl "180+1"]
[EndTime "8:40:09 PDT"]
[Termination "LeRoidesChampions won by resignation"]

1. e4 e6 2. d4 d5 3. Nd2 dxe4 4. Nxe4 Nd7 5. Nf3 Ngf6 6. Bd3 b6 7. O-O Bb7 8. Re1 Be7 9. c4 O-O 10. b3 c5 11. Bb2 cxd4 12. Bxd4 Nxe4 13. Bxe4 Bxe4 14. Rxe4 Bf6 15. Bxf6 Nxf6 16. Rd4 Qc7 17. Qc2 Rad8 18.
Rad1 e5 19. Rxd8 Rxd8 20. Rxd8+ Qxd8 21. Nxe5 Qd4 22. Nd3 Qa1+ 23. Nc1 Ne4 24. g3 Nc3 25. Kg2 g6 26. Qd2 Ne4 27. Qe3 f5 28. a4 Qb2 29. Ne2 Qc2 30. Nd4 Qd1 31. f3 Nd2 32. Qe8+ Kg7 33. Qe5+ Kg8 34. Qe6+ Kg7 35. Qe7+ Kg8 36.
Qd8+ Kf7 37. Qd5+ Kg7 38. Ne6+ Kf6 39. Qd8+ Kxe6 40. Qe8+ Kd6 41. Qf8+ Kc6 42. Qc8+ Kd6 43. Qf8+ Ke5 44. Qg7+ Ke6 45. Qg8+ Kd7 46. Qd5+ Kc7 47. Qf7+ Kd6 48. Qd5+ Ke7 49. Qb7+ Kf6 50. Qc6+ Kg5 51. h4+ Kh6 52. g4 Qf1+ 53. Kg3 Qg1+ 54. Kh3 Qh1+ 55. Kg3 fxg4 56. fxg4 Qxc6 0-1

[Event "Early-Titled-Tuesday-Blitz-March-12-2024"]
[Site "Chess.com"]
[Date "2024.03.12"]
[Round "4"]
[White "IwkooO"]
[Black "Nitzan_Steinberg"]
[Result "0-1"]
[WhiteElo "2684"]
[BlackElo "2903"]
[TimeControl "180+1"]
[EndTime "8:40:10 PDT"]
[Termination "Nitzan_Steinberg won on time"]

1. e4 e5 2. Nf3 Nc6 3. Bb5 Nf6 4. d3 d6 5. O-O g6 6. Nbd2 Bg7 7. Re1 O-O 8. c3 Bd7 9. Nf1 Nh5 10. Ng3 Nxg3 11. hxg3 h6 12. d4 Nxd4 13. cxd4 Bxb5 14. dxe5 dxe5 15.
Qb3 Bc6 16. Bd2 a5 17. Bc3 Qe7 18. Rad1 Rfd8 19. Qc4 Rxd1 20. Rxd1 Qe8 21. b3 Kh7 22. Qc5 f6 23. Qc4 Qg8 24. Qc5 Bf8 25. Qe3 Qe6 26. Nd2 a4 27. Nc4 b6 28. Kh2 Bc5 29. Qe2 Bb5 30.
f3 Kg7 31. Bd2 g5 32. Rc1 Rd8 33. Be3 Bd4 34. g4 c5 35. Bd2 Ra8 36. Qd3 Rh8 37. bxa4 Bxa4 38. Ne3 h5 39. Nf5+ Kg6 40. gxh5+ Rxh5+ 41. Kg3 Rh8 42. Be3 Bd7 43. Bxd4 exd4 44. Kf2 Qe5 45.
Ng3 b5 46. Ne2 Ra8 47. Rc2 Be6 48. Qxb5 c4 49. Qb7 Rc8 50. Rc1 c3 51. Qa6 Rd8 52.
Qd3 Qc5 53. Kg3 Bc4 54. Rxc3 Bxd3 55. Rc4 Bxc4 0-1

[Event "Early-Titled-Tuesday-Blitz-March-12-2024"]
[Site "Chess.com"]
[Date "2024.03.12"]
[Round "4"]
[White "Dyadya81"]
[Black "Jospem"]
[Result "0-1"]
[WhiteElo "2912"]
[BlackElo "3123"]
[TimeControl "180+1"]
[EndTime "8:40:11 PDT"]
[Termination "Jospem won on time"]

1. e4 e5 2. Nf3 Nc6 3. d4 exd4 4. Nxd4 Qf6 5. Nxc6 Bc5 6. Qf3 bxc6 7. Nd2 Rb8 8. Nb3 Be7 9. Bc4 d6 10. Bd2 Qxf3 11.
gxf3 Bf6 12. O-O-O Be6 13. Bxe6 fxe6 14. Be3 Ne7 15.
f4 O-O 16. c3 a6 17. Rhg1 e5 18. f5 Kf7 19. f4 exf4 20. Bxf4 g6 21. fxg6+ Nxg6 22.
Bh6 Rfe8 23. Rdf1 Ke6 24. Nd4+ Bxd4 25. cxd4 Rb5 26. Rg5 Rb4 27. d5+ Kd7 28. Rf7+ Re7 29. Rxe7+ Kxe7 30. dxc6 Rxe4 31. b3 Re5 32. Kd2 Ke6 33.
Kc3 Kd5 34. Rg2 Kxc6 35. a4 Rh5 36. Be3 Rh3 37. Kd2 Ne5 38. Bf4 Rxb3 39. Bxe5 dxe5 40. Rg5 Rh3 41. Rxe5 Rxh2+ 42. Kc3 Rh4 43. Re6+ Kb7 44. a5 Rh1 45. Kb4 h5 46. Re5 h4 47. Rh5 h3 48.
Kb3 h2 49. Kb2 c5 50. Rh6 c4 51. Rb6+ Ka7 52. Rh6 c3+ 53. Kc2 Ra1 54. Rh7+ Kb8 55.
Rh8+ Kc7 56. Rh7+ Kd8 57. Rxh2 Ra2+ 58. Kxc3 Rxh2 0-1

[Event "Early-Titled-Tuesday-Blitz-March-12-2024"]
[Site "Chess.com"]
[Date "2024.03.12"]
[Round "4"]
[White "Semen_Khanin"]
[Black "AnishOnYoutube"]
[Result "0-1"]
[WhiteElo "2892"]
[BlackElo "3063"]
[TimeControl "180+1"]
[EndTime "8:40:11 PDT"]
[Termination "AnishOnYoutube won by resignation"]

1. e4 c5 2. Nf3 e6 3. c3 Nf6 4. e5 Nd5 5. Bc4 Nb6 6. Bb3 d6 7. exd6 Bxd6 8. d4 Nc6 9. O-O cxd4 10. cxd4 O-O 11. Nc3 Ne7 12. Bg5 Bd7 13. d5 exd5 14. Nxd5 Nbxd5 15. Bxd5 Bc6 16. Bxc6 bxc6 17. Qc2 Qc7 18.
Rac1 Rac8 19. Bxe7 Bxe7 20. Rfe1 Bf6 21. b3 g6 22. Rcd1 Rfd8 23. Nd2 Bd4 24. Nc4 c5 25. Qe4 Kg7 26. g3 h5 27. Kg2 Re8 28. Qf3 Rcd8 29. h4 Re7 30. Re4 Rxe4 31. Qxe4 Qd7 32. Re1 Bf6 33.
Re2 Bd4 34. Qf3 Rc8 35. Qe4 Rc7 36. Qf3 Rc6 37. Ne5 Bxe5 38. Rxe5 c4 39. Qc3 cxb3 40.
Rc5+ Kh7 41. Rxc6 b2 42. Qxb2 Qxc6+ 43. Kg1 a5 44. Qd4 a4 45. a3 Qc1+ 46. Kg2 Qxa3 47. Qd5 Qb3 48. Qa5 a3 49. Qa7 a2 50. Kh2 Qd5 51. Qa3 Kg8 52. Qb2 Qa5 53. Qb8+ Kh7 0-1

[Event "Early-Titled-Tuesday-Blitz-March-12-2024"]
[Site "Chess.com"]
[Date "2024.03.12"]
[Round "4"]
[White "Flaccidmoves"]
[Black "profedechess93"]
[Result "0-1"]
[WhiteElo "2447"]
[BlackElo "2631"]
[TimeControl "180+1"]
[EndTime "8:40:11 PDT"]
[Termination "profedechess93 won on time"]

1. e4 e6 2. d4 d5 3. Nd2 Be7 4. Ngf3 Nf6 5. e5 Nfd7 6. Bd3 c5 7. c3 Nc6 8. O-O a5 9. Re1 cxd4 10. cxd4 g5 11. h3 h5 12. Nf1 g4 13. hxg4 hxg4 14. N3h2 Bb4 15. Bd2 Qh4 16. Qxg4 Nxd4 17. Bxb4 axb4 18.
Rac1 Qxg4 19. Nxg4 Kd8 20. Bb1 b6 21. Rcd1 b3 22.
axb3 Nxb3 23. f4 Ra1 24. f5 Ndc5 25. Nf6 Rh4 26. g3 Rb4 27. Ne3 Ra5 28. Nexd5 exd5 29. Nxd5 Rd4 30. Nxb6 Bb7 31. Rxd4+ Nxd4 32. Rd1 Nb3 33.
Nc4 Ra1 34. g4 Kc7 35. Kf2 Be4 36. Bxe4 Rxd1 37. Nd6 Nc5 38. Bg2 Rd2+ 39. Kg3 Ne2+ 40. Kf3 Ng1+ 41. Kg3 Rxb2 42. Nxf7 Ne2+ 43. Kf3 Nd4+ 44.
Kg3 Rb3+ 45. Kh4 Ne2 46. e6 Re3 47. Ng5 Nf4 0-1

[Event "Early-Titled-Tuesday-Blitz-March-12-2024"]
[Site "Chess.com"]
[Date "2024.03.12"]
[Round "4"]
[White "Renatoforf"]
[Black "Matols"]
[Result "1/2-1/2"]
[WhiteElo "1562"]
[BlackElo "2354"]
[TimeControl "180+1"]
[EndTime "8:40:13 PDT"]
[Termination "Game drawn - insufficient material"]

1. e4 c6 2. Nf3 d5 3. exd5 cxd5 4. Ne5 Nc6 5. d4 Nf6 6. c3 e6 7. Bd3 Bd6 8. f4 Bd7 9. O-O O-O 10. Nd2 Ne7 11. Qe2 Rc8 12. Rf3 Nf5 13. Rh3 g6 14.
Ndf3 h5 15. Kh1 Kg7 16. Bd2 Ng4 17. Rg1 a6 18. Ng5 Bxe5 19. fxe5 Bb5 20. Bxb5 axb5 21. a3 Rh8 22. Rf1 Qd7 23. Rhf3 h4 24. Kg1 Rh5 25.
Rh3 Qe7 26. Qxg4 Nh6 27. Qf3 Nf5 28. Qf2 Rch8 29. Nf3 g5 30. Nxg5 Rxg5 31. Bxg5 Qxg5 32. Qf4 Qxf4 33. Rxf4 Rh6 34. g3 Rg6 35. Rxf5 exf5 36. Rxh4 f6 37. exf6+ Kxf6 38. Kf2 Rg4 39. Rxg4 fxg4 40.
Ke3 Kf5 41. Kf2 Ke4 42. h4 gxh3 43. b3 b6 44. g4 Kf4 45. g5 Kxg5 46. Kg3 Kf5 47.
Kxh3 Ke4 48. Kg4 Kd3 49. Kf5 Kxc3 50. Ke5 Kxb3 51. Kxd5 Kxa3 52. Kc6 b4 53. d5 b3 54. d6 b2 55. d7 b1=Q 56. d8=Q b5 57.
Qa5+ Kb2 58. Qxb5+ Kc1 59. Qxb1+ Kxb1 1/2-1/2

[Event "Early-Titled-Tuesday-Blitz-March-12-2024"]
[Site "Chess.com"]
[Date "2024.03.12"]
[Round "4"]
[White "Ural_bogatyr"]
[Black "Al_Shima"]
[Result "1-0"]
[WhiteElo "2622"]
[BlackElo "2436"]
[TimeControl "180+1"]
[EndTime "8:40:14 PDT"]
[Termination "Ural_bogatyr won on time"]

1. d4 Nf6 2. Nc3 d5 3. Bf4 a6 4.
e3 e6 5. g4 c5 6. g5 Nfd7 7. Nf3 Nc6 8. h4 b5 9. Bh3 Bb7 10. Kf1 Rc8 11. Ne2 Be7 12. Ng3 Nb6 13. h5 cxd4 14. exd4 Bd6 15. Be3 Nc4 16. Kg2 Nxe3+ 17.
fxe3 Bxg3 18. Kxg3 Qd6+ 19. Kg2 h6 20. Bg4 Na5 21.
b3 Qe7 22. g6 f5 23. Bh3 Nc6 24. a4 O-O 25. axb5 axb5 26. c3 e5 27. Re1 e4 28.
Nd2 Qg5+ 29. Kh2 Ra8 30. Qe2 f4 31. Rg1 Qe7 32. Rxa8 Bxa8 33. exf4 Qd6 34. Rf1 Rxf4 35. Rxf4 Qxf4+ 36. Kh1 b4 37. Nb1 bxc3 38. Nxc3 Qc1+ 39.
Nd1 Nxd4 40. Qf1 Nf3 41. Bg4 d4 42. Bxf3 exf3 43. Kg1 Bd5 44. b4 Bc4 45. Qe1 Be2 46. Qh4 Qxd1+ 47. Kh2 1-0

[Event "Early-Titled-Tuesday-Blitz-March-12-2024"]
[Site "Chess.com"]
[Date "2024.03.12"]
[Round "4"]
[White "eagleclaw07"]
[Black "laziestwin"]
[Result "1/2-1/2"]
[WhiteElo "2783"]
[BlackElo "2579"]
[TimeControl "180+1"]
[EndTime "8:40:17 PDT"]
[Termination "Game drawn by repetition"]

1. d4 d5 2. c4 e6 3. Nf3 Nf6 4. g3 Be7 5. Bg2 O-O 6. O-O dxc4 7. Qc2 a6 8. Qxc4 b5 9. Qc2 Bb7 10. Bd2 Nbd7 11. Ba5 Rc8 12. Nbd2 Qe8 13. b4 Nb8 14. a3 Nc6 15. Nb3 Ba8 16. Rac1 Ne4 17. e3 Nd6 18. Ne5 Nxe5 19. dxe5 Nc4 20. Bxa8 Rxa8 21. Qe4 c5 22. bxc5 Bxc5 23. Rxc4 bxc4 24. Nxc5 Qb5 25. Bb4 a5 26. Nxe6 axb4 27. Nxf8 Rxf8 28. axb4 Qxb4 29. e6 fxe6 30.
Qxe6+ Kh8 31. Qc6 c3 32. Kg2 Qb2 33. Qc5 Kg8 34. Qd5+ Kh8 35. Qc5 Kg8 36. h4 c2 37. e4 h6 38. Kh3 Re8 39. Qc6 Re7 40.
Qc8+ Kh7 41. h5 Rf7 42. Qc4 Rf6 43. f4 Rd6 44. Qc5 Rd1 45. Qf5+ Kg8 46. Qe6+ Kh7 47. Qg6+ Kg8 48. Qe8+ Kh7 49. Rf2 c1=Q 50. Qg6+ Kh8 51. Qe8+ Kh7 52. Qg6+ Kg8 53. Qe6+ Kh7 54. Qg6+ 1/2-1/2

[Event "Early-Titled-Tuesday-Blitz-March-12-2024"]
[Site "Chess.com"]
[Date "2024.03.12"]
[Round "4"]
[White "Meri-Arabidze"]
[Black "Barmen_EV"]
[Result "1-0"]
[WhiteElo "2720"]
[BlackElo "2506"]
[TimeControl "180+1"]
[EndTime "8:40:17 PDT"]
[Termination "Meri-Arabidze won by checkmate"]

1. d4 Nf6 2. c4 g6 3. g3 Bg7 4. Bg2 O-O 5. Nf3 d6 6. O-O Nbd7 7. Nc3 e5 8. e4 Re8 9. h3 c6 10. Re1 exd4 11. Nxd4 Nc5 12. Qc2 a5 13. Be3 Bd7 14. Rad1 Qc8 15. Kh2 Re5 16. Nde2 Rh5 17. Nf4 Ng4+ 18.
Kg1 Nxe3 19. Rxe3 Rh6 20. h4 Be5 21. Nce2 Bg4 22. Re1 Ne6 23. Nxe6 Qxe6 24. b3 Re8 25. f3 Bh3 26. f4 Bxg2 27. Kxg2 Bf6 28. Qd2 Qg4 29. Rh1 Rxh4 30. Rxh4 Bxh4 31. Qxa5 f5 32. Qc7 Rxe4 33. Qc8+ Kg7 34. Rxe4 Bf6 35. Re3 h5 36. Qxb7+ Kh6 37. Qxc6 h4 38. Qf3 h3+ 39. Kh2 Bd8 40.
Qxg4 fxg4 41. Re6 Bb6 42. Rxd6 Bf2 43. b4 Kh5 44. Rd8 g5 45. Rh8+ Kg6 46. fxg5 Kxg5 47.
c5 Kf5 48. c6 Ke4 49. c7 Kf3 50. c8=Q Kxe2 51. Qxg4+ Kf1 52. Qxh3+ Ke2 53. Re8+ Be3 54.
Rxe3+ Kd2 55. b5 Kc2 56. b6 Kc1 57. b7 Kb2 58. b8=Q+ Ka1 59. Qf1+ Kxa2 60. Qa6# 1-0

[Event "Early-Titled-Tuesday-Blitz-March-12-2024"]
[Site "Chess.com"]
[Date "2024.03.12"]
[Round "4"]
[White "VD_coach"]
[Black "bolwin"]
[Result "1-0"]
[WhiteElo "2516"]
[BlackElo "2246"]
[TimeControl "180+1"]
[EndTime "8:40:17 PDT"]
[Termination "VD_coach won by checkmate"]

1. d4 Nf6 2. Nf3 c5 3. e3 d5 4. c4 e6 5. Nc3 Nc6 6. a3 a6 7.
dxc5 Bxc5 8. b4 Ba7 9. cxd5 exd5 10. Bb2 O-O 11. Be2 d4 12. exd4 Nxd4 13. Nxd4 Qxd4 14. Qxd4 Bxd4 15. Rd1 Ba7 16. O-O Be6 17. Bf3 Rab8 18. Ne4 Nxe4 19. Bxe4 b5 20. Be5 Rbd8 21. Bd6 Rfe8 22.
Bc6 Bd7 23. Bc7 Bxc6 24. Rxd8 Rxd8 25. Bxd8 Kf8 26. Rd1 Ke8 27. Bg5 f6 28. Be3 Bb8 29.
f3 Be5 30. Bd4 Bb8 31. Kf2 h5 32. g3 Kf7 33. f4 g5 34. Be3 gxf4 35. Bxf4 Ba7+ 36.
Be3 Bb8 37. Rd8 Be5 38. Rc8 Bd5 39. Rc2 Ke6 40. Bc5 h4 41. gxh4 Bxh2 42. h5 Be5 43.
Rd2 f5 44. Bd4 Bf4 45. Re2+ Kf7 46. Be5 Bc1 47. Rc2 Bxa3 48. Rc7+ Ke6 49. h6 Bxb4 50. h7 Kxe5 51. h8=Q+ Ke4 52. Qe8+ Kf4 53. Qe3+ Kg4 54. Rg7+ Kh5 55. Qg5# 1-0

[Event "Early-Titled-Tuesday-Blitz-March-12-2024"]
[Site "Chess.com"]
[Date "2024.03.12"]
[Round "4"]
[White "Korchmar_Vasiliy"]
[Black "Fighterman91"]
[Result "0-1"]
[WhiteElo "2717"]
[BlackElo "2775"]
[TimeControl "180+1"]
[EndTime "8:40:21 PDT"]
[Termination "Fighterman91 won by checkmate"]

1. e4 Nf6 2. e5 Nd5 3. d4 d6 4. Nf3 c6 5. c4 Nb6 6. Nc3 Bg4 7.
h3 Bh5 8. g4 Bg6 9. e6 fxe6 10.
Ng5 Qd7 11. Qe2 Na6 12. a3 Nc7 13. Bg2 O-O-O 14. O-O h6 15. Nge4 Bf7 16. a4 e5 17.
b3 exd4 18. a5 Nxc4 19. bxc4 dxc3 20. Be3 Qe6 21. c5 Qc4 22. Qf3 Bd5 23. Qf5+ e6 24. Qg6 dxc5 25. a6 b5 26. Bf4 b4 27.
Rfc1 Be7 28. Qxg7 Rhe8 29. Qh7 Rd7 30. Qg6 Red8 31. Bg3 Nb5 32. Nd2 Qd4 33. Nf3 Qe4 34.
Qh5 b3 35. Re1 Qb4 36. Ne5 b2 37. Rab1 c2 38. Nxc6 cxb1=Q 39. Rxb1 Bxc6 40. Bxc6 Rd1+ 41. Kh2 Rxb1 42. Qe5 Rd6 43. Bb7+ Kc7 44. Qg7 Rh1+ 45. Kxh1 b1=Q+ 46. Kh2 Kb6 47. Qxe7 Q4e1 48. h4 Qg1+ 49. Kh3 Qbf1+ 50. Bg2 Qfxg2# 0-1